 Dungeon Crawl Stone Soup version 0.22.0 (webtiles) character file.

5594 Blackhawk the Blocker (level 10, -1/88 HPs)
             Began as a Deep Dwarf Fighter on Oct 22, 2018.
             Was a Priest of Trog.
             Killed by divine providence
             ... invoked by an orc priest
              (15 damage)
             ... on level 11 of the Dungeon.
             The game lasted 00:24:36 (7066 turns).

Blackhawk the Blocker (Deep Dwarf Fighter)          Turns: 7066, Time: 00:24:36

Health: -1/88      AC: 17    Str: 23    XL:     10   Next: 45%
Magic:  5/5        EV:  4    Int:  9    God:    Trog [***...]
Gold:   569        SH: 18    Dex: 12    Spells: 9/9 levels left

rFire    . . .     SeeInvis +   M - +3 war axe (freeze)
rCold    . . .     Gourm    .   w - +1 large shield
rNeg     . . .     Faith    .   G - +0 plate armour
rPois    .         Spirit   .   (no helmet)
rElec    .         Reflect  .   (no cloak)
rCorr    .         Harm     .   (no gloves)
MR       +....                  E - +2 pair of boots
Stlth    ..........             (no amulet)
HPRegen  0.00/turn              B - ring of see invisible
MPRegen  0.09/turn              (no ring)

@: lethally poisoned (-1 -> -1), non-regenerating
A: damage resistance, heal wounds, sense surroundings 2, no regeneration
a: Heal Wounds, Berserk, Trog's Hand, Renounce Religion


You were on level 11 of the Dungeon.
You worshipped Trog.
Trog was most pleased with you.
You were not hungry.

You visited 2 branches of the dungeon, and saw 11 of its levels.

You collected 569 gold pieces.

Inventory:

Hand Weapons
 v - a +0 hunting sling
 H - a +5 flail
 K - a +1 flail
 L - a +2 morningstar of freezing
 M - a +3 war axe of freezing (weapon)
Missiles
 e - 38 sling bullets
 t - 10 tomahawks (quivered)
Armour
 b - a +0 scale mail
 c - a +0 shield
 w - a +1 large shield (worn)
 E - a +2 pair of boots (worn)
 G - a +0 plate armour (worn)
 I - +0 steam dragon scales
Jewellery
 r - an uncursed amulet of regeneration
 s - an uncursed amulet of harm
 B - a ring of see invisible (left hand)
Wands
 i - a wand of scattershot (4)
 o - a wand of flame (23)
 q - a wand of polymorph (12)
 A - a wand of random effects (27)
Scrolls
 g - a scroll of amnesia
 h - 9 scrolls of remove curse
 k - 2 scrolls of identify
 m - 5 scrolls of teleportation
 n - 2 scrolls of enchant weapon
 x - a scroll of magic mapping
 y - 3 scrolls of blinking
 D - a scroll of enchant armour
 J - 2 scrolls of fear {unknown}
 N - a scroll of random uselessness {unknown}
 O - a scroll of summoning {unknown}
Potions
 d - 3 potions of might
 j - 5 potions of brilliance
 l - 3 potions of haste {unknown}
 p - 5 potions of curing {unknown}
 u - a potion of degeneration {unknown}
 z - 2 potions of lignification {unknown}
 C - 3 potions of mutation {unknown}
 F - 2 potions of berserk rage {unknown}
Comestibles
 a - 8 chunks of flesh
 f - 20 rations


   Skills:
 - Level 5.5 Fighting
 + Level 8.8 Maces & Flails
 + Level 9.9 Armour
 + Level 9.9 Shields


You had 9 spell levels left.
You didn't know any spells.
Your spell library was empty.

Dungeon Overview and Level Annotations

Branches:
Dungeon (9/15)             Temple (1/1) D:5
   Lair: D:8-11         Orc: D:9-12

Altars:
Ashenzari
Cheibriados
Dithmenos
Elyvilon
Fedhas
Gozag
Kikubaaqudgha
Makhleb
Nemelex Xobeh
Okawaru
Qazlal
Ru
Sif Muna
Trog
Uskayaw
Vehumet
Wu Jian
Xom
Yredelemnul
Zin
The Shining One


Innate Abilities, Weirdness & Mutations

You are resistant to damage.
You can heal yourself by infusing magical energy.
You passively map the area around you.
You do not regenerate.


Message History

You block the killer bee's attack. You block the killer bee's attack. x2
The killer bee stings you but does no damage.
You block the killer bee's attack. The killer bee stings you.
* * * LOW HITPOINT WARNING * * *
The adder bites you but does no damage.
The killer bee stings you but does no damage.
The orc wizard mumbles some strange words.
The orc wizard blinks!
You block the killer bee's attack. The adder bites you but does no damage.
You block the killer bee's attack. x2
You block the orc wizard's attack. You block the killer bee's attack.
The adder barely misses you. The orc wizard hits you with a dagger.
You block the adder's attack.
A howler monkey comes into view.
The killer bee stings you but does no damage.
The howler monkey howls!
You block the killer bee's attack.
The orc priest invokes the aid of Beogh against you.
Beogh smites you!
You die...

, , , , , ,, , * , , , , ,
, , ,, , , , *,, , , , , *
**#########################
......................... *
, .........................
* ,
.........S...............
.........y.ho.o..........
,,........@yozzl...........
* ,
.........yy...o.......... ,
..h...$...h..z...........
,,*
###########.............. ,
, ,#.............. ,,, ,
#.............. , , ,,,
,,#..........$... , , ,*
,#.............. , * , ,
#..............


You could see a wyvern, a howler monkey, 4 killer bees, 3 wights, an orc priest,
an orc wizard, an adder, 2 orcs and 2 jackals.

Vanquished Creatures
  An ugly thing (D:9)
  Grinder (D:3)
  A hippogriff (D:7)
  Eustachio (D:5)
  A hungry ghost (D:8)
  2 steam dragons (D:7)
  A water moccasin (D:5)
  Purgy (D:3)
  An orc warrior (D:7)
  An ice beast (D:5)
  A black bear (D:6)
  3 phantoms
  3 sky beasts
  6 ogres
  2 centaurs
  A big kobold (D:8)
  5 bullfrogs
  A gnoll sergeant (D:7)
  2 scorpions
  4 killer bees (D:7)
  9 howler monkeys
  9 wights
  2 crimson imps
  2 bullfrog zombies
  A hound (D:5)
  A gnoll shaman (D:8)
  5 orc priests
  A bullfrog skeleton (D:9)
  3 jellies
  Jessica (D:2)
  Ijyb (D:3)
  7 orc wizards
  8 worker ants
  A hound zombie (D:6)
  A hound skeleton (D:7)
  11 gnolls
  3 adders
  A shadow imp (D:5)
  An adder skeleton (D:5)
  2 dart slugs (D:1)
  4 leopard geckos
  23 orcs
  8 giant cockroaches
  6 goblins
  9 hobgoblins
  9 jackals
  20 kobolds
  2 quokkas
  11 bats
  6 frilled lizards
  A leopard gecko skeleton (D:8)
  A leopard gecko zombie (D:6)
  A quokka skeleton (D:8)
  A quokka zombie (D:5)
  7 rats
218 creatures vanquished.

Notes
Turn   | Place    | Note
-------+----------+-------------------------------------------
     0 | D:1      | Blackhawk the Deep Dwarf Fighter began the quest for the Orb.
     0 | D:1      | Reached XP level 1. HP: 20/20 MP: 1/1
    84 | D:1      | Reached XP level 2. HP: 24/27 MP: 2/2
   464 | D:1      | Reached XP level 3. HP: 24/34 MP: 3/3
   622 | D:2      | Noticed Jessica
   642 | D:2      | Killed Jessica
   667 | D:2      | Reached XP level 4. HP: 15/42 MP: 4/4
   722 | D:2      | Found a sacrificial altar of Ru.
  1619 | D:3      | Noticed Grinder
  1630 | D:3      | Paralysed by Grinder for 2 turns
  1665 | D:3      | Paralysed by Grinder for 3 turns
  1672 | D:3      | Killed Grinder
  1672 | D:3      | Reached XP level 5. HP: 9/50 MP: 4/4
  1672 | D:3      | Reached XP level 6. HP: 11/57 MP: 5/5
  1768 | D:3      | Noticed Ijyb
  1786 | D:3      | Killed Ijyb
  1817 | D:3      | Noticed Purgy
  1844 | D:3      | Killed Purgy
  1844 | D:3      | Reached skill level 5 in Armour
  1844 | D:3      | Reached skill level 5 in Shields
  2041 | D:3      | Reached XP level 7. HP: 55/64 MP: 6/6
  2948 | D:5      | Entered Level 5 of the Dungeon
  2958 | D:5      | Found a staircase to the Ecumenical Temple.
  2975 | Temple   | Entered the Ecumenical Temple
  3040 | Temple   | Became a worshipper of Trog the Wrathful
  3242 | D:5      | Reached skill level 5 in Maces & Flails
  3259 | D:5      | Reached skill level 5 in Fighting
  3259 | D:5      | Reached XP level 8. HP: 33/74 MP: 7/7
  3261 | D:5      | Noticed Eustachio
  3278 | D:5      | Killed Eustachio
  3662 | D:5      | Found a blossoming altar of Fedhas.
  3819 | D:5      | Reached * piety under Trog
  4926 | D:7      | Gained mutation: You passively map the area around you. [Deep Dwarf growth]
  4926 | D:7      | Reached XP level 9. HP: 42/81 MP: 5/5
  5194 | D:7      | Reached ** piety under Trog
  5408 | D:7      | Found a glowing silver altar of Zin.
  5410 | D:7      | Found an opulent altar of Gozag.
  5410 | D:7      | Found a snail-covered altar of Cheibriados.
  6089 | D:8      | Reached XP level 10. HP: 59/88 MP: 5/5
  6170 | D:8      | Reached *** piety under Trog
  6583 | D:8      | You fall through a shaft!
  6967 | D:9      | Noticed a purple ugly thing
  6983 | D:9      | Killed a purple ugly thing
  7041 | D:9      | You fall through a shaft for 2 floors!
  7066 | D:11     | Killed from afar by an orc priest

Skill      XL: |  1  2  3  4  5  6  7  8  9 |
---------------+----------------------------+-----
Fighting       | 3 4 5 |  5.5
Armour         | 4 5 6 7 9 |  9.9
Shields        | 4 5 6 7 9 |  9.9
Maces & Flails | 3 4 5 6 8 |  8.8

Action                   |  1- 3 |  4- 6 |  7- 9 | 10-12 || total
-------------------------+-------+-------+-------+-------++-------
Melee: Flail             |    89 |   173 |   528 |       ||   790
       War axe           |       |       |    81 |   140 ||   221
Invok: Berserk           |       |       |       |     2 ||     2
 Abil: Heal Wounds       |       |     3 |    12 |       ||    15
  Use: Scroll            |       |       |    15 |       ||    15
       Potion            |       |       |     2 |       ||     2
  Eat: Chunk             |       |     4 |    15 |     7 ||    26
Armor: Scale mail        |    46 |    68 |    87 |       ||   201
       Plate armour      |       |       |   127 |    74 ||   201
Dodge: Dodged            |    22 |    39 |    46 |    21 ||   128
Block: Shield            |    38 |    24 |       |       ||    62
       Large shield      |       |   118 |   551 |   168 ||   837
